 Dungeon Crawl Stone Soup version 0.26.1-11-gd32895ea62 (webtiles) character file.

Game seed: 9504047354908097597

4 phalm the Conjurer (level 1, 0/13 HPs)
             Began as a Demonspawn Conjurer on June 24, 2021.
             Slain by a goblin (2 damage)
             ... on level 1 of the Dungeon.
             The game lasted 00:00:37 (110 turns).

phalm the Conjurer (Demonspawn Conjurer)             Turns: 110, Time: 00:00:37

Health: 0/13       AC:  2    Str:  7    XL:     1   Next: 50%
Magic:  0/3        EV: 12    Int: 19    God:
Gold:   0          SH:  0    Dex: 11    Spells: 3/4 levels left

rFire    . . .     SeeInvis .   d - +0 club
rCold    . . .     Faith    .   (no shield)
rNeg     . . .     Spirit   .   a - +0 robe
rPois    .         Reflect  .   (no helmet)
rElec    .         Harm     .   (no cloak)
rCorr    .         Rampage  .   (no gloves)
Will     .....                  (no boots)
Stlth    ++........             (no amulet)
HPRegen  0.04/turn              (no ring)
MPRegen  0.08/turn              (no ring)

@: no status effects
A: no striking features
a: no special abilities


You were on level 1 of the Dungeon.
You visited 1 branch of the dungeon, and saw 1 of its levels.


   Skills:
 + Level 0.3 Fighting
 - Level 1.7 Dodging
 - Level 1.7 Stealth
 + Level 2.0 Spellcasting
 * Level 4.1 Conjurations


You had 3 spell levels left.
You knew the following spells:

 Your Spells              Type           Power        Failure   Level
m - Magic Dart            Conj           68%          3%          1

Your spell library contained the following spells:

 Spells                   Type           Power        Failure   Level
 Searing Ray              Conj           34%          4%          2
 Dazzling Flash           Conj/Hex       18%          22%         3
 Fulminant Prism          Conj/Hex       4%           58%         4
 Iskenderun's Mystic Bla  Conj/Tloc      9%           58%         4

Inventory:

Hand Weapons
 d - a +0 club (weapon)
   (You took it off a goblin on level 1 of the Dungeon)
Missiles
 b - 14 stones
Armour
 a - a +0 robe (worn)
 c - a +2 buckler
   (You found it on level 1 of the Dungeon)

Dungeon Overview and Level Annotations

Branches:
Dungeon (1/15)

Altars:
#.......... ##........( ......... ....... ...h. .Kl

#l#
######g######
#.....@.....#
#...........#
#..8.....8..#
#...........#
##...........##
#8.....<.....8#
##...........##
#...........#
#..8.....8..#


You could see a jackal, a goblin, a kobold and 2 frilled lizards.


Message History

You lost 1 mp, and now have 2/3 mp.
You close the door.
The jackal misses you.
Casting: Magic Dart (safe; 3% risk of failure)
Confirm with . or Enter, or press ? or * to list all spells.
Aiming: Magic Dart (safe; 3% risk of failure)
Press: ? - help, Shift-Dir - straight line, f/p - jackal
Aim: a jackal (heavily wounded, 0% to evade)
The magic dart hits the jackal.
You kill the jackal! 😎 MP[-1]
You lost 1 mp, and now have 1/3 mp.
You open the door. 2 goblins come into view.
The goblin shouts!
You hear a shout!
You hear an angry hiss. 😎 MP[+2]
Your mp is fully restored (3).
Casting: Magic Dart (safe; 3% risk of failure)
Confirm with . or Enter, or press ? or * to list all spells.
Aiming: Magic Dart (safe; 3% risk of failure)
Press: ? - help, Shift-Dir - straight line, f - jackal
Aim: a jackal (0% to evade)
The magic dart hits the jackal.
You kill the jackal!
The goblin shouts!
A goblin comes into view. 😎 MP[-1]
You lost 1 mp, and now have 2/3 mp.
You close the door.
A frilled lizard, a goblin and a kobold come into view.
Casting: Magic Dart (safe; 3% risk of failure)
Confirm with . or Enter, or press ? or * to list all spells.
Aiming: Magic Dart (safe; 3% risk of failure)
Press: ? - help, Shift-Dir - straight line, f - goblin
Aim: a goblin, wielding a +0 club (0% to evade)
The magic dart hits the goblin.
The frilled lizard hisses angrily.
The kobold shouts!
You hear a shout!
A frilled lizard comes into view. 😎 MP[-1]
You lost 1 mp, and now have 1/3 mp.
Casting: Magic Dart (safe; 3% risk of failure)
Confirm with . or Enter, or press ? or * to list all spells.
Aiming: Magic Dart (safe; 3% risk of failure)
Press: ? - help, Shift-Dir - straight line, f/p - goblin
Aim: a goblin, wielding a +0 club (severely wounded, 0% to evade)
You miscast Magic Dart.
You are very lightly contaminated with residual magic.
Nothing appears to happen.
The goblin hits you with a +0 club. 😕 HP[-3] MP[-1]
You take 3 damage, and now have 10/13 hp.
MASSIVE DAMAGE!! (PAUSE)
You lost 1 mp, and now have 0/3 mp.
You barely miss the goblin. You hit the goblin.
You kill the goblin!
You hit the goblin but do no damage. The goblin hits you. 😮 HP[-1]
You take 1 damage, and now have 9/13 hp.
The goblin closely misses you.
Things that are here:
a +0 club; a jackal corpse; 😕 HP[+1]
d - a +0 club The goblin closely misses you.
d - a +0 club (weapon)
😕 MP[+1]
You hit the goblin but do no damage. The goblin barely misses you. x2
Your magical contamination has completely faded away.
Casting: Magic Dart (safe; 3% risk of failure)
Confirm with . or Enter, or press ? or * to list all spells.
Aiming: Magic Dart (safe; 3% risk of failure)
Press: ? - help, Shift-Dir - straight line, f - goblin
Aim: a goblin (0% to evade)
The magic dart hits the goblin.
The goblin barely misses you. 😕 MP[-1]
You lost 1 mp, and now have 0/3 mp.
You closely miss the goblin. The goblin hits you. 😮 HP[-2]
You take 2 damage, and now have 8/13 hp.
You hit the goblin but do no damage. The goblin hits you.
* * * LOW HITPOINT WARNING * * *
😨 HP[-2]
You take 2 damage, and now have 6/13 hp.
You barely miss the goblin. The goblin hits you.
* * * LOW HITPOINT WARNING * * *
😨 HP[-1]
You take 1 damage, and now have 5/13 hp.
You closely miss the goblin. The goblin barely misses you.
The goblin closely misses you.
You aren't carrying any items that you can evoke.
Unknown command.
You closely miss the goblin.
The jackal barks!
The goblin barely misses you.
You closely miss the goblin. The goblin hits you.
* * * LOW HITPOINT WARNING * * *
😱 HP[-3]
You take 3 damage, and now have 2/13 hp.
MASSIVE DAMAGE!! (PAUSE)
You closely miss the goblin. The goblin hits you but does no damage.
The goblin hits you.
You die...

Action                   || total
-------------------------++-------
Melee: Club              ||     8
       Unarmed           ||     4
 Cast: Magic Dart        ||     9
Armor: Robe              ||     1
Dodge: Dodged            ||    12

Levels and vault maps discovered:
D:1:      psy_arrival_statuary, layout_rooms, lexackson_kobold_supper

Notes
Turn   | Place    | Note
-------+----------+-------------------------------------------
     0 | D:1      | phalm the Demonspawn Conjurer began the quest for the Orb.
     0 | D:1      | Reached XP level 1. HP: 13/13 MP: 3/3
     0 | D:1      | magus.rc [v1.9.10]
   109 | D:1      | HP: 2/13 [goblin (3)]
   110 | D:1      | Slain by a goblin

Vanquished Creatures
  A goblin (D:1)
  2 jackals (D:1)
3 creatures vanquished.

Table legend:
 A = Non-vault XP
 B = Vault XP
 C = Vault XP percentage of total XP
 D = Non-vault monster count
 E = Vault monster count
 F = Vault count percentage of total count
                 A         B        C        D         E       F
            +---------+---------+-------+---------+---------+-------
      Total |       6 |       0 |   0.0 |       3 |       0 |   0.0
            +---------+---------+-------+---------+---------+-------
        D:1 |       6 |       0 |   0.0 |       3 |       0 |   0.0
            +---------+---------+-------+---------+---------+-------

Illustrated notes

Table legend:
 A = Kills in this place as a percentage of kills in entire the game.
 B = Kills by you in this place as a percentage of kills by you in the entire game.
 C = Kills by friends in this place as a percentage of kills by friends in the entire game.
 D = Other kills in this place as a percentage of other kills in the entire game.
 E = Experience gained in this place as a percentage of experience gained in the entire game.
 F = Experience gained in this place divided by the number of levels of this place that you have seen.
                   A       B       C       D       E      F
               +-------+-------+-------+-------+-------+----------------------
         Total | 100.0 | 100.0 |   N/A |   N/A | 100.0 |   6.0
       Dungeon | 100.0 | 100.0 |   N/A |   N/A | 100.0 |   6.0
               +-------+-------+-------+-------+-------+----------------------

Table legend: (Time is in decaauts)
 A = Elapsed time spent in this place.
 B = Non-inter-level travel time spent in this place.
 C = Inter-level travel time spent in this place.
 D = Time resting spent in this place.
 E = Time spent auto-exploring this place.
 F = Levels seen in this place.
 G = Mean time per level.
                   A        B        C        D        E       F      G
               +--------+--------+--------+--------+--------+-----+--------+
         Total |    111 |    111 |      0 |      0 |     61 |   1 |  111.0 |
       Dungeon |    111 |    111 |      0 |      0 |     61 |   1 |  111.0 |
               +--------+--------+--------+--------+--------+-----+--------+

Top non-repeatable levels by time:
     D:1: 111 daAuts
